 Dungeon Crawl Stone Soup version 0.19.1 (webtiles) character file.

5327 Host24 the Fighter (level 10, -3/69 HPs)
             Began as a Kobold Hunter on Dec 29, 2016.
             Was a Priest of Okawaru.
             Slain by a komodo dragon (29 damage)
             ... on level 1 of the Lair of Beasts.
             The game lasted 00:33:02 (12216 turns).

Host24 the Fighter (Kobold Hunter)                 Turns: 12216, Time: 00:33:02

Health: -3/69      AC:  6    Str: 11    XL:     10   Next: 96%
Magic:  10/10      EV: 24    Int: 12    God:    Okawaru [***...]
Gold:   513        SH:  0    Dex: 18    Spells: 0 memorised, 9 levels left

rFire  . . .     SeeInvis +     a - +1 hand crossbow
rCold  . . .     Gourm    .     N - +2 robe
rNeg   . . .     Faith    .     (shield restricted)
rPois  .         Spirit   .     j - +0 helmet
rElec  .         Reflect  .     (no cloak)
rCorr  .         Harm     .     (no gloves)
MR     .....                    y - +0 pair of boots
Stlth  ++++++....               (no amulet)
                                P - ring of see invisible
                                B - ring of Shadows {Umbra +Inv Stlth+}

@: wreathed by umbra
A: carnivore 3
a: Heroism, Renounce Religion, Evoke Invisibility


You were on level 1 of the Lair of Beasts.
You worshipped Okawaru.
Okawaru was most pleased with you.
You were very full.

You visited 2 branches of the dungeon, and saw 9 of its levels.
You also visited: Sewer.

You collected 513 gold pieces.

Inventory:

Hand Weapons
 a - a +1 hand crossbow (weapon)
 H - a +2 long sword of electrocution
 W - a +1 hand axe of venom
Missiles
 d - 28 bolts (quivered)
Armour
 j - a +0 helmet (worn)
 y - a +0 pair of boots (worn)
 N - a +2 robe (worn)
Jewellery
 v - an uncursed ring of positive energy
 B - the ring of Shadows (left hand) {Umbra +Inv Stlth+}
   (You found it on level 4 of the Dungeon)

   [ring of stealth]

   It lets you turn invisible.
   It makes you more stealthy.
 J - an uncursed ring of protection from cold
 P - a ring of see invisible (right hand)
Scrolls
 b - 3 scrolls of fog {unknown}
 g - 2 scrolls of noise {unknown}
 l - 3 scrolls of remove curse
 q - 2 scrolls of fear
 w - 10 scrolls of identify
 C - 3 scrolls of recharging {unknown}
 Q - 2 scrolls of enchant weapon {unknown}
 T - a scroll of blinking {unknown}
 V - 3 scrolls of teleportation {unknown}
 Y - a scroll of vulnerability {unknown}
Potions
 i - 2 potions of ambrosia {unknown}
 k - a potion of brilliance
 r - 2 potions of flight {unknown}
 D - a potion of might
 I - 2 potions of degeneration {unknown}
 M - 2 potions of lignification {unknown}
 S - 2 potions of magic {unknown}
 U - 3 potions of curing
 X - 2 potions of mutation {unknown}
Miscellaneous
 c - a sack of spiders
Comestibles
 f - 4 meat rations


   Skills:
 - Level 11.0 Fighting
 - Level 9.1 Crossbows
 + Level 0.8 Armour
 - Level 10.8 Dodging
 - Level 6.1 Stealth


You had 9 spell levels left.
You didn't know any spells.

Dungeon Overview and Level Annotations

Branches:
Dungeon (8/15)             Temple (0/1) D:5            Lair (1/6) D:8

Altars:
Dithmenos
Kikubaaqudgha
Makhleb
Nemelex Xobeh
Okawaru
Qazlal
Ru
Sif Muna
Trog
Xom
The Shining One

Shops:
D:4 [   D:7 }

Annotations:
D:3 Host24's ghost, amateur KoHu


Innate Abilities, Weirdness & Mutations

You are small and have problems with some larger weapons.
You are carnivorous and can eat meat at any time.


Message History

a - a +1 hand crossbow (weapon)
Firing (i - inventory):
d - 31 bolts (quivered)
Press: ? - help, Shift-Dir - straight line, f/p - komodo dragon
Aim: a komodo dragon (moderately wounded, poisoned, umbra)
You shoot a bolt. The bolt hits the komodo dragon.
The komodo dragon is heavily wounded.
The komodo dragon barely misses you.
Firing (i - inventory):
d - 30 bolts (quivered)
Press: ? - help, Shift-Dir - straight line, f/p - komodo dragon
Aim: a komodo dragon (heavily wounded, poisoned, umbra)
You shoot a bolt. The bolt hits the komodo dragon.
The komodo dragon is heavily wounded.
The komodo dragon completely misses you.
Firing (i - inventory):
d - 29 bolts (quivered)
Press: ? - help, Shift-Dir - straight line, f/p - komodo dragon
Aim: a komodo dragon (heavily wounded, poisoned, umbra)
You shoot a bolt.
The bolt barely misses the komodo dragon.
The komodo dragon bites you!!
You die...

........≈##≈.###..#.....###
.....).§##≈.##...##.....##
#......≈#≈≈..##...#.......
#......§≈≈≈.###.........#.
#......≈≈≈≈.# #..........#
####..#..≈§§§.##P...P.....##
.........≈≈≈§.......#.....#
((((..(..≈§≈≈.......#.....#
....(.....l@........#.....#
#.######......######......#
# #####P## ######## ###


You could see a komodo dragon.

Vanquished Creatures
  An elephant (D:8)
  Prince Ribbit (D:5)
  A hippogriff (Lair:1)
  Sigmund (D:6)
  A spriggan (D:7)
  4 yaks
  A mottled dragon (D:8)
  A porcupine (Lair:1)
  2 water moccasins (Lair:1)
  Duvessa (D:5)
  3 orc warriors
  A necrophage (D:7)
  5 ogres
  7 centaurs
  2 crocodiles
  Blork the orc (D:4)
  2 bullfrogs
  Dowan (D:5)
  3 wights (D:7)
  4 howler monkeys
  8 crimson imps
  A bullfrog zombie (D:5)
  3 hounds
  A bullfrog skeleton (D:4)
  A centaur skeleton (D:8)
  2 orc priests (D:7)
  5 orc wizards
  3 worker ants
  Ijyb (D:4)
  A hound zombie (D:8)
  A hound skeleton (D:6)
  A howler monkey zombie (D:8)
  A worker ant zombie (D:5)
  14 adders
  6 gnolls
  2 river rats (Sewer)
  An ooze (D:4)
  6 worms
  A dart slug (D:4)
  2 leopard geckos
  38 orcs
  A ball python (Sewer)
  8 bats
  8 giant cockroaches
  15 goblins
  6 hobgoblins
  18 jackals
  6 quokkas
  14 frilled lizards
  7 kobolds
  A leopard gecko skeleton (D:4)
  A quokka zombie (D:8)
  18 rats
245 creatures vanquished.

Vanquished Creatures (others)
  2 plants (Lair:1)
2 creatures vanquished.

Grand Total: 247 creatures vanquished

Notes
Turn   | Place    | Note
-------+----------+-------------------------------------------
     0 | D:1      | Host24 the Kobold Hunter began the quest for the Orb.
     0 | D:1      | Reached XP level 1. HP: 12/12 MP: 1/1
   317 | D:1      | Reached XP level 2. HP: 18/18 MP: 2/2
   426 | D:1      | Reached skill level 3 in Fighting
   896 | D:1      | Reached XP level 3. HP: 23/23 MP: 3/3
  1019 | D:2      | Reached skill level 5 in Crossbows
  1563 | D:2      | Reached XP level 4. HP: 23/28 MP: 4/4
  2785 | D:3      | Reached XP level 5. HP: 33/33 MP: 5/5
  2917 | D:3      | Noticed a centaur
  2939 | D:3      | Killed a centaur
  2939 | D:3      | Reached skill level 5 in Fighting
  2958 | D:3      | Reached XP level 6. HP: 10/40 MP: 6/6
  3317 | D:3      | Noticed Host24's ghost (amateur KoHu)
  3499 | D:3      | Reached skill level 6 in Fighting
  3519 | D:3      | Found a shimmering altar of Xom.
  3522 | D:3      | Found a burning altar of Makhleb.
  3854 | D:4      | Noticed an ogre
  3859 | D:4      | Killed an ogre
  3859 | D:4      | Reached XP level 7. HP: 47/47 MP: 7/7
  4018 | D:4      | Noticed Ijyb
  4041 | D:4      | Killed Ijyb
  4229 | D:4      | Noticed Blork the orc
  4689 | D:4      | Killed Blork the orc
  4689 | D:4      | Reached skill level 5 in Dodging
  5008 | D:4      | Found Butret's Armour Emporium.
  5501 | D:5      | Entered Level 5 of the Dungeon
  5559 | D:5      | Reached XP level 8. HP: 52/52 MP: 8/8
  5585 | D:5      | Noticed Dowan
  5591 | D:5      | Reached skill level 7 in Fighting
  5599 | D:5      | Killed Dowan
  5612 | D:5      | Noticed Duvessa
  5634 | D:5      | Killed Duvessa
  5640 | D:5      | Reached skill level 8 in Fighting
  5800 | D:5      | Found a staircase to the Ecumenical Temple.
  6051 | D:5      | Found a glowing drain.
  6069 | Sewer    | Entered a sewer
  6306 | Sewer    | Reached skill level 9 in Fighting
  6433 | D:5      | Noticed Prince Ribbit
  6449 | D:5      | Killed Prince Ribbit
  6522 | D:5      | You fall through a shaft!
  6524 | D:6      | Reached XP level 9. HP: 44/60 MP: 9/9
  6533 | D:6      | Found a shadowy altar of Dithmenos.
  6680 | D:6      | Found an iron altar of Okawaru.
  6689 | D:6      | Became a worshipper of Warmaster Okawaru
  6875 | D:6      | Noticed Sigmund
  6881 | D:6      | Killed Sigmund
  7050 | D:6      | Found an ancient bone altar of Kikubaaqudgha.
  7621 | D:5      | Found a sacrificial altar of Ru.
  8094 | D:7      | Reached * piety under Okawaru
  8532 | D:7      | Reached XP level 10. HP: 66/66 MP: 10/10
  8558 | D:7      | Found Suotum's Gadget Shop.
  8721 | D:7      | Found a shimmering altar of Xom.
  8722 | D:7      | Found a shimmering altar of Xom.
  8723 | D:7      | Found a shimmering altar of Xom.
  8723 | D:7      | Found a shimmering altar of Xom.
  8729 | D:7      | Found a shimmering altar of Xom.
  8736 | D:7      | Found a shimmering altar of Xom.
  8956 | D:7      | Found a bloodstained altar of Trog.
  8956 | D:7      | Found a sparkling altar of Nemelex Xobeh.
  8961 | D:7      | Found a glowing golden altar of the Shining One.
  8963 | D:7      | Found a deep blue altar of Sif Muna.
  8965 | D:7      | Found an iron altar of Okawaru.
  9006 | D:7      | Reached ** piety under Okawaru
  9006 | D:7      | Reached skill level 10 in Fighting
  9223 | D:8      | Found a stormy altar of Qazlal.
  9304 | D:8      | Found a staircase to the Lair.
  9304 | D:8      | Noticed an elephant
  9757 | D:8      | Reached skill level 11 in Fighting
  9819 | D:8      | Found a glowing golden altar of the Shining One.
 10472 | D:8      | Reached skill level 10 in Dodging
 10478 | D:8      | Killed an elephant
 10827 | D:8      | Reached *** piety under Okawaru
 10865 | Lair:1   | Entered Level 1 of the Lair of Beasts
 10905 | Lair:1   | Noticed a spiny frog
 10907 | Lair:1   | Noticed a komodo dragon
 11508 | Lair:1   | Reached skill level 5 in Stealth
 12193 | Lair:1   | Noticed a komodo dragon
 12216 | Lair:1   | Slain by a komodo dragon

Skill      XL: |  1  2  3  4  5  6  7  8  9 10 |
---------------+-------------------------------+-----
Fighting       | 3 5 6 9 11 | 11.0
Dodging        | 3 6 7 9 10 | 10.8
Crossbows      | 5 6 9 |  9.1
Stealth        | 3 6 |  6.1
Armour         | |  0.8

Action                   |  1- 3 |  4- 6 |  7- 9 | 10-12 || total
-------------------------+-------+-------+-------+-------++-------
Melee: Short sword       |   108 |    39 |     5 |       ||   152
       Dagger            |       |   167 |   131 |    10 ||   308
       Hand axe          |       |     1 |       |    28 ||    29
       Long sword        |       |       |   183 |   127 ||   310
 Fire: Hand crossbow     |     7 |    11 |    79 |    87 ||   184
Invok: Heroism           |       |       |       |     1 ||     1
  Use: Potion            |       |     2 |     8 |     4 ||    14
       Scroll            |       |       |     3 |     4 ||     7
 Stab: Sleeping          |     1 |     4 |    19 |     9 ||    33
  Eat: Chunk             |    10 |     8 |    15 |    10 ||    43
Armor: Leather armour    |    37 |    34 |    14 |       ||    85
       Robe              |       |       |    25 |    35 ||    60
Dodge: Dodged            |   100 |   144 |   366 |   279 ||   889
       Rpst.: Long sword |       |       |    63 |    49 ||   112
